 Seeded DCSS version 0.31-a0-564-g3b7de120b3 (webtiles) character file.

Game seed: 16161720884980326079 (custom seed)

13 innerfire43 the Ruffian (level 2, -5/15 HPs)
             Began as a Djinni Shapeshifter on Aug 17, 2023.
             Was a Follower of Fedhas.
             Slain by Terence
             ... wielding a +0 morningstar
              (7 damage)
             ... on level 2 of the Dungeon.
             The game lasted 00:00:39 (561 turns).

innerfire43 the Ruffian (Djinni Shapeshifter)        Turns: 561, Time: 00:00:40

Health: -5/15      AC:  2    Str: 14    XL:     2   Next: 50%
Gold:   35         EV: 12    Int:  9    God:    Fedhas [*.....] SH:  0 Dex: 13

rFire   + +          .
                       - Unarmed
rCold   x . .        (shield currently unavailable)
rNeg    . . .        a - +0 animal skin
rPois   ∞            (no helmet)
rElec   .            (no cloak)
rCorr   .            (no gloves)
SInv    .            (boots unavailable)
Will    .....        j - amulet of faith
Stlth   +            (no ring)
HPRegen 0.22/turn    (no ring)
MPRegen 0.00/turn

%: faith, infuse magic (-6 HP)
@: flux-form, flying, glowing
A: glow, contaminating, flying, reduced hp, sickness immunity, fire resistance
2, cold vulnerability 1, float, innate caster, HP casting, extra vitality 1
a: Begin Untransformation, Renounce Religion


You were on level 2 of the Dungeon.
You worshipped Fedhas.
Fedhas was aware of your devotion.
You were something dangerously unstable.
You visited 1 branch of the dungeon, and saw 2 of its levels.

You collected 35 gold pieces.

Inventory:

Armour
 a - a +0 animal skin (worn)
Jewellery
 j - an amulet of faith (around neck)
Talismans
 c - a beast talisman
 d - a flux talisman (active)
Scrolls
 f - 2 scrolls of silence {unknown}
 i - a scroll of brand weapon {unknown}
Potions
 b - a potion of lignification
 e - a potion of heal wounds {unknown}
 g - a potion of haste {unknown}
 h - a potion of ambrosia {unknown}


   Skills:
 - Level 1.0 Fighting
 + Level 1.2 Armour
 - Level 2.1 Dodging
 - Level 3.0 Unarmed Combat
 + Level 2.9 Shapeshifting You didn't know any spells. Your spell library was empty.

Dungeon Overview and Level Annotations

Branches:
Dungeon (2/15)

Altars:
Fedhas

Annotations:
D:2 Terence


Innate Abilities, Weirdness & Mutations

You are something dangerously unstable.
You glow with magical radiation, making you easy to see and hit.
Foes you strike become dangerously contaminated with magical radiation.
You are flying.
Your maximum health is decreased, since you lack skill for your form.
You are incapable of wielding weapons or throwing items.
You are immune to sickness and miasma.
You are immune to poison.
Your flesh is very heat resistant. (rF++)
You are vulnerable to cold. (rC-)
You float through the air rather than walking.
You learn spells naturally, not from books.
Your magical power is your life essence.
You have superior vitality. (+4 MHP)


Message History

You feel a surge of divine interest.
j - an amulet of faith (around neck) No target in view!
No target in view!
Done exploring.
No target in view!
Done exploring.
No target in view!
Done exploring.
No target in view!
You see here 3 stones.
There is a stone staircase leading down here.
You fly downwards.
There is a stone staircase leading up here.
A kobold comes into view. It is wielding a +0 dagger.
A kobold is nearby!
You hit the kobold.
You kill the kobold!
Fedhas appreciates your contribution to the ecosystem.
No target in view!
Things that are here:
a +0 dagger; 4 stones; a kobold corpse You reach down and open the door.
There is an open door here.
There is an open door here.
You reach down and open the door.
There is an open door here.
Terence and a rat come into view.
There are monsters nearby!
You hit Terence but do no damage.
Terence begins to glow.
The rat bites you. Terence hits you with a +0 morningstar!
Ouch! That really hurt!
* * * LOW HITPOINT WARNING * * *
There are monsters nearby!
You are too injured to fight recklessly!
There are monsters nearby!
You are too injured to fight recklessly!
Terence attacks as you move away! Terence hits you with a +0 morningstar!
You die...
Fedhas appreciates your contribution to the ecosystem.

#.# #...# #.#
####...#
#.#######..'...#
#.##..)....#...#
#.##.###...#.###
#.##.#.'...+.#
#....#.#...###
######+#...#
#...rB.###
......@..#
.........#
.........#
######'### #. ..
#.


You could see Terence (contam) and a rat.

Vanquished Creatures
  A dart slug (D:1)
  An endoplasm (D:1)
  A hobgoblin (D:1)
  5 kobolds
  A quokka (D:1)
  A frilled lizard (D:1)
10 creatures vanquished.

Notes
Turn   | Place    | Note
-------+----------+-------------------------------------------
     0 | D:1      | innerfire43 the Djinni Shapeshifter began the quest for the
                  | Orb.
     0 | D:1      | Reached XP level 1. HP: 17/17 MP: 0/0
    74 | D:1      | Found a faded altar of an unknown god.
    92 | D:1      | Reached skill level 1 in Armour
    92 | D:1      | Reached XP level 2. HP: 6/22 MP: 0/0
   106 | D:1      | Prayed at the altar of an unknown god.
   106 | D:1      | Became a worshipper of Fedhas Madash
   106 | D:1      | Reached * piety under Fedhas
   558 | D:2      | Noticed Terence
   561 | D:2      | Slain by Terence

Illustrated notes

Levels and vault maps discovered:
D:1:      nzn_arrival_settlement, layout_rooms,
          shapermc_ecumenical_altar_starsandcircs
D:2:      layout_basic, feat_on_display, uniq_jessica, uniq_robin,
          uniq_crazy_yiuf_cottage, uniq_terence

Skill      XL: |  1 |
---------------+----+-----
Armour         | 1 |  1.2
Fighting       | |  1.0
Dodging        | |  2.1
Unarmed Combat | |  3.0
Shapeshifting  | |  2.9

Action                     || total
---------------------------++-------
  Melee: Unarmed           ||    22
         Punch             ||     1
 Armour: Animal skin       ||     5
  Dodge: Dodged            ||    10
   Form: Flux              ||     1

Table legend: (Time is in decaauts)
 A = Elapsed time spent in this place.
 B = Non-inter-level travel time spent in this place.
 C = Inter-level travel time spent in this place.
 D = Time resting spent in this place.
 E = Time spent auto-exploring this place.
 F = Levels seen in this place.
 G = Mean time per level.
                   A        B        C        D        E       F      G
               +--------+--------+--------+--------+--------+-----+--------+
         Total |    559 |    541 |     18 |      0 |    452 |   2 |  279.5 |
       Dungeon |    559 |    541 |     18 |      0 |    452 |   2 |  279.5 |
               +--------+--------+--------+--------+--------+-----+--------+

Top non-repeatable levels by time:
     D:1: 509 daAuts
     D:2: 50 daAuts
